Map: Eternal Empire LE

Players

RyuKey - Winner!

  • Race: Protoss Protoss
  • League: Diamond
  • Spawn Location: 7:00

VOD

Have the link to the VOD?

Description

Time

  • Played on: June 17, 2020, 11:06 a.m.
  • Length: 9:00
Show
View Real Time Build Order
Export as new Build Order

RyuKey Protoss - Winner!

Build Orders:  

Get SALT Encoding   

  12  0:04  Probe (Chrono Boost)  
  13  0:25  Probe (Chrono Boost)  
  13  0:26  Pylon  
  14  0:33  Assimilator  
  15  0:40  Probe (Chrono Boost)  
  15  0:51  Probe (Chrono Boost)  
  16  1:02  Probe (Chrono Boost)  
  17  1:15  Gateway  
  17  1:23  Probe (Chrono Boost)  
  17  1:25  Assimilator  
  19  1:40  Pylon, Probe (Chrono Boost)  
  19  1:57  Probe (Chrono Boost)  
  20  2:11  Gateway  
  20  2:20  Cybernetics Core  
  20  2:52  Probe (Chrono Boost)  
  21  3:05  Stalker  
  21  3:09  Probe (Chrono Boost)  
  22  3:19  Stalker  
  26  3:34  Probe (Chrono Boost)  
  27  3:47  Stalker  
  29  3:55  Gateway  
  29  3:56  Gateway  
  29  4:01  Stalker  
  29  4:05  Warp Gate  
  31  4:37  Pylon  
  31  4:47  Pylon  
  31  4:58  Pylon  
  31  5:05  Probe (Chrono Boost)  
  32  5:18  Stalker x4  
  40  5:37  Gateway  
  40  5:52  Stalker  
  40  5:55  Sentry  
  40  5:56  Sentry  
  46  6:01  Sentry  
  46  6:09  Pylon  
  48  6:28  Stalker  
  50  6:43  Stalker x2  
  50  6:48  Sentry  
  46  7:16  Stalker x2  
  42  7:30  Stalker  
  44  8:04  Stalker x3  
Tags
 
Add a new tag
Caveats
  • Supply blocks, unpowered buildings, or Contaminate may cause inaccurate times.
  • Supply counts are checked every 10 seconds.